Florence3, neutral female human Healer ----- |.`.....| |........# -------+-# ##` # ### -------- # `.$%...| ##`|*......| ####-.......| ### --------- ### ### ld# @# Florence3 the Rhizotomist Experience level: 1 Strength: 7 Dexterity: 9 Constitution: 3 Intelligence: 13 Wisdom: 15 Charisma: 16 Health: 0(16) Energy: 4(4) Def: 2 Gold: 2165 Moves: 614 Dungeon seed: wVUpy7AsJSt1PSl7 Game ID: Florence3_1533100618 Your Inventory: Coins $ - 2165 gold pieces Amulets o - an uncursed amulet of flying Weapons a - an uncursed +0 scalpel (weapon in hand) Armor e - a blessed +1 pair of leather gloves (being worn) Comestibles j - 5 blessed eucalyptus leaves k - 3 blessed sprigs of wolfsbane l - 2 blessed cloves of garlic m - 7 uncursed apples Scrolls n - an uncursed scroll of light p - an uncursed scroll of gold detection s - an uncursed scroll of scare monster Spellbooks g - a blessed spellbook of healing h - a blessed spellbook of extra healing i - a blessed spellbook of stone to flesh Potions b - 4 uncursed potions of healing d - 3 uncursed potions of extra healing r - an uncursed potion of object detection Wands f - an uncursed wand of sleep (0:7) q - an uncursed wand of enlightenment (0:14) Tools c - an uncursed stethoscope Spells and supernatural/magical abilities: Name Level Category Fail Memory h - healing 1 healing 0% 97% x - extra healing 3 healing 76% 97% S - stone to flesh 3 healing 83% 97% W - pray for help -- divine ? -- Your skills at the end: Miscellaneous Skills wands [Basic] Weapon Skills knife [Basic] Spellcasting Skills healing spells [Basic] Final Attributes: You were devoutly aligned. You were poison resistant. Your writing hand was thoroughly cramped from overuse. You are dead. Vanquished creatures: 4 jackals 2 newts 2 sewer rats 3 grid bugs 11 creatures vanquished. Voluntary challenges: You did not cause conflict. You were not invisible. You did not have reflection. You were not displaced. You were an atheist. You never hit with a wielded weapon. You were a pacifist. You did not use containers. You did not apply a unicorn horn. You did not use plumbed fixtures. You read items or engraved 15 times, starting on turn 495. You never genocided any monsters. You never polymorphed an object. You never changed form. You used no wishes. You never split a pudding. You wrote Elbereth's name 14 times, starting on turn 568. You never violated your personal moral code. Dungeon overview: The Dungeons of Doom: levels 1 to 5 Level 1 a long staircase Level 2 some fountains Level 3 Level 5 <- You were here History has recorded: On T:1 you entered the Dungeons of Doom to retrieve the Amulet of Yendor! On T:385 you reached level 2 of The Dungeons of Doom. On T:498 you reached level 3 of The Dungeons of Doom. On T:557 you reached level 5 of The Dungeons of Doom. Score breakdown: Gold: 304 ( 30 points) Experience: 1 level ( 0 points) Exploration: 5 levels ( 120 points) Discoveries: 2 items ( 100 points) Variety of kills: 4 monsters ( 200 points) Major goal: (nothing yet) ( 0 points) Survival: died (score multiplied by 3) Total score: 1350 Latest messages: Your movements are slowed slightly because of your load. The jackal bites! The newt bites! The jackal bites! You add to the writing in the dust with your fingers. Your entire arm is cramping up. You simply cannot write any more right now. You manage to get your message written, but the effort is draining. The jackal just misses! You add to the writing in the dust with your fingers. Your entire arm is cramping up. You simply cannot write any more right now. You manage to get your message written, but the effort is draining. The newt bites! The jackal misses. The jackal bites! You add to the writing in the dust with your fingers. Your entire arm is cramping up. You simply cannot write any more right now. You manage to get your message written, but the effort is draining. The newt bites! The jackal bites! You add to the writing in the dust with your fingers. Your entire arm is cramping up. You simply cannot write any more right now. You manage to get your message written, but the effort is draining. The jackal bites! The newt bites! The jackal bites! You die... Final status: Goodbye Florence3 the Healer, killed by a jackal... You died in The Dungeons of Doom on dungeon level 5 with 1350 points, and 2165 pieces of gold, after 614 moves. You were level 1 with a maximum of 16 hit points when you died.